 Dungeon Crawl Stone Soup version 0.17.2 (webtiles) character file.

36090 Goblin1989 the Martial Artist (level 13, -10/104 HPs)
             Began as a Demonspawn Monk on July 13, 2016.
             Mangled by an eight-headed hydra (13 damage)
             ... on level 3 of the Lair of Beasts.
             The game lasted 00:46:26 (14139 turns).

Goblin1989 the Martial Artist (Demonspawn Monk)    Turns: 14139, Time: 00:46:26

Health: -10/104    AC: 15    Str: 16      XL:     13   Next: 51%
Magic:  13/13      EV: 14    Int:  8 (11) God:    Xom [*.....]
Gold:   231        SH: 14    Dex: 15      Spells: 0 memorised, 12 levels left

rFire  . . .     SeeInvis .       - Unarmed
rCold  + . .     Clarity  .     (no armour)
rNeg   + . .     SustAt   .     H - +0 large shield {AC+3}
rPois  .         Gourm    .     (no helmet)
rElec  .         Spirit   .     y - +2 cloak
rCorr  .         Warding  +     (no gloves)
rMut   .         Rnd*Tele +     d - +2 pair of boots
MR     .....                    Q - amulet of warding
Stlth  ++........               (no ring)
                                h - +3 ring of protection

@: not resistant to hostile enchantments, unstealthy
A: claws 2, yellow scales 2, breathe flames 1, clumsy 1, cold resistance 1,
deformed body, screaming 2, teleportitis 1, rot immunity, subdued magic 1
a: Renounce Religion, Breathe Fire


You were on level 3 of the Lair of Beasts.
You worshipped Xom.
You were a special plaything of Xom.
You were not hungry.

You visited 3 branches of the dungeon, and saw 17 of its levels.
You visited the Abyss 1 time.
You also visited: Sewer and Bailey.

You collected 1130 gold pieces.
You spent 899 gold pieces at shops.

Inventory:

Missiles
 t - 2 throwing nets (quivered)
Armour
 d - a +2 pair of boots (worn)
 j - a +3 troll leather armour
 y - a +2 cloak (worn)
 z - the cursed +0 ring mail of Muloroh {Slay+5}
   (You bought it in a shop on level 12 of the Dungeon)

   It affects your accuracy and damage with ranged weapons and melee attacks
   (+5).
   It has a curse placed upon it.
 H - a +0 large shield of protection (worn)
Jewellery
 h - a +3 ring of protection (left claw)
 u - an uncursed ring of teleportation
 Q - an amulet of warding (around neck)
Wands
 n - a wand of disintegration (2)
 B - a wand of polymorph (14)
 E - a wand of disintegration (20)
 U - a wand of fire (0)
Scrolls
 f - a scroll of immolation
 k - 2 scrolls of amnesia
 l - 9 scrolls of teleportation
 q - 2 scrolls of enchant armour
 w - 3 scrolls of magic mapping {unknown}
 C - a scroll of fear {unknown}
 D - 2 scrolls of noise
 F - 2 scrolls of remove curse
 G - 2 scrolls of blinking {unknown}
 I - a scroll of torment
 L - a scroll of recharging
 S - a scroll of brand weapon
 T - 3 scrolls of fog
 Z - 2 scrolls of identify
Potions
 a - 8 potions of curing
 e - 3 potions of invisibility
 g - 5 potions of brilliance
 i - a potion of cancellation
 m - a potion of haste
 o - 5 potions of might
 r - 2 potions of flight
 s - 3 potions of ambrosia
 v - a potion of agility
 x - 6 potions of magic
 A - a potion of resistance
 P - 4 potions of heal wounds
 R - 2 potions of berserk rage
Miscellaneous
 V - a lamp of fire
Comestibles
 b - 10 bread rations
 c - 12 meat rations
 p - 19 fruits


   Skills:
 + Level 10.6 Fighting
 + Level 9.6 Dodging
 - Level 1.7 Stealth
 * Level 5.6 Shields
 * Level 14.9 Unarmed Combat


You had 12 spell levels left.
You didn't know any spells.

Dungeon Overview and Level Annotations

Branches:
Dungeon (12/15)            Temple (0/1) D:4            Lair (4/8) D:9
    Orc (1/4) D:12
  Swamp: Lair:3-6    Shoals: Lair:3-6     Snake: Lair:3-6    Spider: Lair:3-6

Altars:
Ashenzari
Fedhas
Kikubaaqudgha
Qazlal
Trog
Xom
Zin

Shops:
D:4 (%(   D:10 (%*   D:12 [[(   Orc:1 ?

Annotations:
D:3 exclusion: oklob plant


Innate Abilities, Weirdness & Mutations

You have very sharp fingernails.
You are mostly covered in yellow scales (AC +3).
Your flesh is cold resistant.
You are immune to rotting.
You can breathe flames.
You are clumsy. (Dex -2)
Armour fits poorly on your strangely shaped body.
You sometimes yell uncontrollably at your foes.
You are occasionally teleported next to monsters.
Your spells are a little easier to cast, but a little less powerful.


Message History

The eight-headed hydra bites you.
* * * LOW HITPOINT WARNING * * *
The eight-headed hydra bites you!
* * * LOW HITPOINT WARNING * * *
The eight-headed hydra barely misses you.
You block the eight-headed hydra's attack.
The eight-headed hydra closely misses you.
You take 10 damage, and have 8/104 hp.
You barely miss the eight-headed hydra. You mangle the eight-headed hydra!!
The eight-headed hydra bites you.
* * * LOW HITPOINT WARNING * * *
The eight-headed hydra closely misses you.
You block the eight-headed hydra's attack. x2
The eight-headed hydra bites you but does no damage.
The eight-headed hydra closely misses you.
The eight-headed hydra bites you.
* * * LOW HITPOINT WARNING * * *
The eight-headed hydra bites you!
You die...
Xom howls with laughter!

............#.............#
............##............#
..##.......## #..........##
####.......# #..........P#
.###.......# #.....l....#
..###.....## #..........#
#.###......# #........#
.###.......# ##D......P# .#
#......## #@####....P.. .#
#.......# ### ##.....
.#...#.....# ##...
.##..#...### ..
.#...#....##### .
##..#.........##
#..............#
..#..........P# .
#....♣.≈≈..≈##


You could see an eight-headed hydra and a basilisk.

Vanquished Creatures
  An orc warlord (Bailey)
  2 hydras
  Erolcha (D:9)
  3 skeletal warriors (D:12)
  2 hill giants
  Pikel (D:8)
  An orc knight (D:12)
  An orb spider (Lair:3)
  A cyclops (D:12)
  Joseph (D:6)
  A yaktaur (D:7)
  Psyche (D:10)
  5 spiny frogs
  3 komodo dragons (Lair:2)
  A troll (D:9)
  A merfolk (D:9)
  A blink frog (Lair:3)
  A trapdoor spider (D:11)
  2 deep elf magi
  7 yaks
  3 hippogriffs
  4 basilisks
  5 wolves (Lair:2)
  5 sky beasts
  2 water moccasins
  2 soldier ants (D:11)
  7 porcupines
  2 black bears (D:6)
  3 ice beasts
  A necrophage (D:8)
  2 phantoms
  A wasp (D:9)
  5 crocodiles
  An eye of draining (D:9)
  14 orc warriors
  2 ogres
  8 centaurs
  3 big kobolds
  Blork the orc (D:5)
  10 giant frogs
  A wyvern zombie (D:11)
  3 scorpions
  11 worker ants
  10 killer bees
  2 electric eels (D:8)
  A vampire bat (Orc:1)
  A crimson imp (D:6)
  2 centaur zombies
  A giant frog zombie (D:6)
  2 jellies
  A centaur skeleton (D:9)
  7 orc priests
  5 iguanas
  12 orc wizards
  2 giant frog skeletons
  5 hounds
  A gnoll shaman (D:5)
  2 worker ant zombies
  12 adders
  22 river rats
  28 gnolls
  3 shadow imps
  12 white imps (Lair:3)
  An ooze (D:1)
  An adder skeleton (D:7)
  4 worms
  6 giant geckos
  52 orcs
  7 ball pythons
  17 goblins
  22 hobgoblins
  18 jackals
  14 kobolds
  8 quokkas
  15 bats
  3 giant cockroaches
  A giant gecko skeleton (D:7)
  A giant gecko zombie (D:6)
  12 giant newts
  A jackal skeleton (D:4)
  2 quokka skeletons
  20 rats
469 creatures vanquished.

Vanquished Creatures (collateral kills)
  A troll (D:12)
  A two-headed ogre (D:12)
  4 orc warriors
  A gnoll sergeant (D:12)
  3 killer bees (D:9)
  An electric eel (D:12)
  2 orc wizards
  2 gnolls (D:12)
  7 orcs
22 creatures vanquished.

Vanquished Creatures (others)
  A yak (Lair:1)
  A wolf (Lair:2)
  A centaur (D:5)
  A quokka (D:8)
  3 fungi (Lair:1)
  A plant (Lair:3)
8 creatures vanquished.

Grand Total: 499 creatures vanquished

Notes
Turn   | Place    | Note
--------------------------------------------------------------
     0 | D:1      | Goblin1989 the Demonspawn Monk began the quest for the Orb.
     0 | D:1      | Reached XP level 1. HP: 18/18 MP: 1/1
   203 | D:1      | Reached skill level 4 in Unarmed Combat
   207 | D:1      | Gained mutation: You are immune to rotting. [demonic ancestry]
   207 | D:1      | Reached XP level 2. HP: 20/24 MP: 2/2
   526 | D:2      | Reached XP level 3. HP: 24/29 MP: 3/3
   616 | D:2      | Reached skill level 5 in Unarmed Combat
   639 | D:2      | Reached XP level 4. HP: 35/35 MP: 4/4
   800 | D:2      | Found a shimmering altar of Xom.
  1080 | D:2      | Became a worshipper of Xom of Chaos
  1201 | D:2      | XOM: divination: detect creatures
  1227 | D:3      | XOM: potion effect (curing)
  1280 | D:3      | Gained mutation: You are partially covered in yellow scales (AC +2). [demonic ancestry]
  1280 | D:3      | Reached XP level 5. HP: 41/41 MP: 5/5
  1298 | D:3      | XOM: divination: magic mapping
  1549 | D:3      | Reached skill level 6 in Unarmed Combat
  1771 | D:3      | XOM: cast spell 'Summon Butterflies'
  1921 | D:3      | XOM: harmless Erth miscast
  1928 | D:3      | Reached XP level 6. HP: 45/47 MP: 6/6
  2017 | D:3      | Found a blossoming altar of Fedhas.
  2040 | D:3      | Noticed an oklob plant
  2448 | D:4      | Found Oheelum's Antique Weapon Boutique.
  2454 | D:4      | Found a staircase to the Ecumenical Temple.
  2535 | D:4      | XOM: mild Pois miscast
  2537 | D:4      | XOM: divination: detect items
  2547 | D:4      | XOM: confuse monster(s)
  2571 | D:4      | Reached skill level 7 in Unarmed Combat
  2643 | D:4      | XOM: divination: detect items
  2650 | D:4      | Found Soduiqirph's Food Boutique.
  2720 | D:4      | Found an ancient bone altar of Kikubaaqudgha.
  2823 | D:4      | Found Suyfatul's Weapon Emporium.
  3238 | D:5      | Entered Level 5 of the Dungeon
  3272 | D:5      | XOM: enchant monster (good)
  3288 | D:5      | HP: 2/47 [something (3)]
  3319 | D:5      | Gained mutation: You have sharp fingernails. [demonic ancestry]
  3319 | D:5      | Reached XP level 7. HP: 43/52 MP: 7/7
  3429 | D:5      | Noticed Blork the orc
  3442 | D:5      | Reached skill level 8 in Unarmed Combat
  3449 | D:5      | Killed Blork the orc
  3554 | D:5      | Found a glowing drain.
  3566 | Sewer    | Entered a sewer
  3610 | Sewer    | XOM: smoke on damage
  4084 | D:5      | Found a shattered altar of Ashenzari.
  4243 | D:5      | Reached skill level 9 in Unarmed Combat
  4266 | D:6      | Gained mutation: You have very sharp fingernails. [demonic ancestry]
  4266 | D:6      | Reached XP level 8. HP: 54/58 MP: 8/8
  4332 | D:6      | Found a bloodstained altar of Trog.
  4557 | D:4      | Bought a translucent hunting sling for 188 gold pieces
  4557 | D:4      | Identified the +1 hunting sling of Death's Door {venom, rPois MP+9 Str-2 Int+3} (You bought it in a shop on level 4 of the Dungeon)
  4574 | D:4      | XOM: medium Pois miscast
  4969 | D:6      | You fall through a shaft for 3 floors!
  4969 | D:9      | Found a staircase to the Lair.
  5032 | D:9      | XOM: cast spell 'Dispersal'
  5036 | D:9      | Reached skill level 10 in Unarmed Combat
  5056 | D:9      | Found a glowing silver altar of Zin.
  5056 | D:9      | Found a bloodstained altar of Trog.
  5100 | D:9      | Noticed a troll
  5107 | D:9      | XOM: 8-stop teleportation journey
  5205 | D:8      | XOM: divination: magic mapping
  5235 | D:8      | Found a stormy altar of Qazlal.
  5254 | D:7      | XOM: cast spell 'Discord'
  5264 | D:7      | XOM: cast spell 'Cause Fear'
  5290 | D:6      | XOM: confuse monster(s)
  5399 | D:6      | XOM: divination: detect creatures
  5424 | D:6      | Gained mutation: You are mostly covered in yellow scales (AC +3). [demonic ancestry]
  5424 | D:6      | Reached XP level 9. HP: 67/67 MP: 9/9
  5548 | D:6      | XOM: cast spell 'Beastly Appendage'
  5752 | D:7      | Noticed Joseph
  5756 | D:7      | Reached skill level 5 in Fighting
  5760 | D:7      | XOM: potion effect (agility)
  5772 | D:7      | XOM: cast spell 'Cause Fear'
  5789 | D:6      | Killed Joseph
  5806 | D:7      | Reached skill level 5 in Dodging
  6024 | D:7      | Noticed a komodo dragon
  6027 | D:7      | XOM: butterfly on damage
  6032 | D:7      | HP: 3/68 [komodo dragon (25)]
  6053 | D:7      | XOM: enchant monster (good)
  6062 | D:7      | Noticed a yaktaur
  6062 | D:7      | a komodo dragon changed into a yaktaur
  6062 | D:7      | XOM: polymorph komodo dragon -> yaktaur
  6065 | D:7      | XOM: enchant monster (good)
  6074 | D:7      | Killed a yaktaur
  6228 | D:7      | Reached skill level 11 in Unarmed Combat
  6330 | D:7      | XOM: smoke on damage
  6359 | D:7      | XOM: swap monsters
  6523 | D:8      | Found a blossoming altar of Fedhas.
  6624 | D:8      | XOM: confuse monster(s)
  6866 | D:8      | Noticed Pikel
  6871 | D:8      | XOM: summons 9 friendly demons
  6874 | D:8      | Killed Pikel
  6874 | D:8      | Reached XP level 10. HP: 63/77 MP: 10/10
  7106 | D:9      | Gained mutation: Scrolls take you a little longer to read. [mutagenic meat]
  7107 | D:9      | Gained mutation: Your flesh is cold resistant. [mutagenic meat]
  7160 | D:9      | Killed a troll
  7202 | D:9      | XOM: enchant monster (bad)
  7266 | D:9      | Noticed Erolcha
  7277 | D:9      | Killed Erolcha
  7307 | D:9      | Found a blossoming altar of Fedhas.
  7325 | D:9      | XOM: summons 2 friendly demons
  7333 | D:9      | Reached skill level 12 in Unarmed Combat
  7635 | D:9      | Noticed a merfolk
  7647 | D:9      | Killed a merfolk
  7655 | D:9      | XOM: noise
  7685 | D:9      | XOM: noise
  7688 | D:9      | XOM: fog
  7712 | D:9      | XOM: swap monsters
  7715 | D:9      | XOM: fog
  7718 | D:9      | XOM: swap monsters
  7723 | D:9      | XOM: divination: detect creatures
  7862 | D:9      | XOM: vitrification
  7911 | D:10     | Entered Level 10 of the Dungeon
  7957 | D:10     | Found Witaloel's Assorted Antiques.
  7960 | D:10     | Bought 2 scrolls labeled RERIFI FOIRUU for 74 gold pieces
  7960 | D:10     | Bought a scroll of identify for 74 gold pieces
  7960 | D:10     | Bought a scroll labeled KUAT QAESKUMU for 37 gold pieces
  7960 | D:10     | Bought a fuming yellow potion for 33 gold pieces
  8103 | D:10     | Noticed a hill giant
  8111 | D:10     | XOM: swap monsters
  8116 | D:10     | Killed a hill giant
  8271 | D:10     | Found Ivi Gimp's Weapon Shop.
  8285 | D:10     | Noticed Psyche
  8287 | D:10     | XOM: smoke on damage
  8289 | D:10     | Cast into the Abyss (Psyche)
  8289 | D:10     | Escaped the Abyss
  8289 | D:10     | XOM: revert banishment
  8298 | D:10     | Killed Psyche
  8330 | D:10     | XOM: summons 2 friendly demons
  8437 | D:10     | Reached XP level 11. HP: 86/86 MP: 11/11
  8456 | D:10     | Found Jafuthou's Food Shop.
  8701 | D:10     | XOM: god gift: 33 gold pieces
  8820 | D:10     | Got a colourful robe
  8831 | D:10     | Identified the +1 robe of Fafaitah {Dex+2} (You found it on level 10 of the Dungeon)
  8886 | D:11     | Gained mutation: You are occasionally teleported next to monsters. [mutagenic meat]
  8887 | D:11     | Gained mutation: Potions and wands are less effective at restoring your health. [mutagenic meat]
  8888 | D:11     | Gained mutation: You can breathe flames. [mutagenic meat]
  8889 | D:11     | Lost mutation: Your flesh is cold resistant. [mutagenic meat]
  9112 | D:11     | XOM: divination: detect items
  9119 | D:11     | XOM: cast spell 'Dragon Form'
  9197 | D:11     | XOM: smoke on damage
  9221 | D:11     | XOM: mild Air miscast
  9527 | D:12     | Noticed a five-headed hydra
  9594 | D:12     | Noticed a skeletal warrior
  9594 | D:12     | Found a flagged portal.
  9594 | D:12     | Noticed a skeletal warrior
  9595 | D:12     | XOM: potion effect (brilliance)
  9614 | D:12     | Killed a skeletal warrior
  9614 | D:12     | Reached skill level 13 in Unarmed Combat
  9617 | D:12     | Noticed a skeletal warrior
  9625 | D:12     | XOM: enchant monster (good)
  9627 | D:12     | XOM: cast spell 'Summon Small Mammal'
  9634 | D:12     | Killed a skeletal warrior
  9646 | D:12     | XOM: enchant monster (bad)
  9661 | D:12     | Killed a skeletal warrior
  9664 | Bailey   | Entered a bailey
  9802 | Bailey   | XOM: enchant monster (good)
  9957 | Bailey   | Noticed an orc warlord
  9960 | Bailey   | XOM: confuse monster(s)
  9962 | Bailey   | XOM: enchant monster (good)
  9965 | Bailey   | XOM: enchant monster (bad)
  9970 | Bailey   | XOM: enchant monster (bad)
  9978 | Bailey   | XOM: silly message
  9985 | Bailey   | XOM: harmless Trmt miscast
  9992 | Bailey   | Killed an orc warlord
 10035 | Bailey   | XOM: give mutations
 10035 | Bailey   | Gained mutation: You occasionally shout uncontrollably at your foes. [Xom's mischief]
 10035 | Bailey   | Gained mutation: You sometimes yell uncontrollably at your foes. [Xom's mischief]
 10043 | Bailey   | Identified the Incunabulum of Feathers
 10125 | D:12     | Found Iwyug's Armour Boutique.
 10147 | D:12     | XOM: swap monsters
 10184 | D:12     | Noticed a hill giant
 10185 | D:12     | XOM: fog
 10191 | D:12     | Killed a hill giant
 10191 | D:12     | Reached skill level 1 in Shields
 10290 | D:12     | XOM: summons friendly iron imp
 10291 | D:12     | Found Neluqad's Armour Shop.
 10291 | D:12     | XOM: 3-stop teleportation journey
 10293 | D:12     | XOM: summons friendly crimson imp
 10294 | D:12     | XOM: divination: magic mapping
 10337 | D:12     | Reached XP level 12. HP: 62/96 MP: 12/12
 10338 | D:12     | Found a staircase to the Orcish Mines.
 10345 | D:12     | XOM: summons 6 hostile demons
 10346 | D:12     | Found Ywkulid's Weapon Shop.
 10471 | D:12     | Killed a five-headed hydra
 10823 | D:12     | XOM: give mutation
 10823 | D:12     | Gained mutation: Armour fits poorly on your strangely shaped body. [Xom's mischief]
 10828 | Orc:1    | Entered Level 1 of the Orcish Mines
 10879 | Orc:1    | XOM: severe Divn miscast
 10903 | Orc:1    | Found Cumiod's Magic Scroll Shoppe.
 10936 | D:12     | Bought the cursed +0 ring mail of Muloroh {Slay+5} for 493 gold pieces
 10944 | D:12     | XOM: mild Pois miscast
 10978 | D:12     | XOM: give mutation
 10978 | D:12     | Lost mutation: Potions and wands are less effective at restoring your health. [Xom's mischief]
 11041 | Lair:1   | Entered Level 1 of the Lair of Beasts
 11075 | Lair:1   | XOM: 1-stop teleportation journey
 11392 | Lair:1   | XOM: summons 1 hostile demon
 11403 | Lair:1   | Reached skill level 14 in Unarmed Combat
 11478 | Lair:1   | XOM: destruction
 11779 | Lair:1   | XOM: stat loss: -1 Dex (16/17)
 11823 | Lair:1   | XOM: 1-stop teleportation journey
 12274 | Lair:1   | Reached skill level 10 in Fighting
 12274 | Lair:1   | Gained mutation: Your flesh is cold resistant. [demonic ancestry]
 12274 | Lair:1   | Reached XP level 13. HP: 102/104 MP: 13/13
 12297 | Lair:1   | Gained mutation: Your spells are a little easier to cast, but a little less powerful. [potion of mutation]
 12297 | Lair:1   | Lost mutation: Scrolls take you a little longer to read. [potion of mutation]
 12297 | Lair:1   | Gained mutation: You are clumsy. (Dex -2) [potion of mutation]
 12341 | Lair:2   | XOM: blink monster(s)
 12348 | Lair:2   | XOM: enchant monster (good)
 12675 | Lair:2   | XOM: 1-stop teleportation journey
 12864 | Lair:2   | Reached skill level 5 in Shields
 13027 | Lair:2   | XOM: harmless Divn miscast
 13081 | Lair:2   | You fall through a shaft for 2 floors!
 13140 | Lair:3   | XOM: divination: detect items
 13185 | Lair:3   | Found a frozen archway.
 13371 | Lair:3   | XOM: harmless Pois miscast
 13636 | Lair:3   | XOM: medium Hex miscast
 13687 | Lair:3   | XOM: harmless Fire miscast
 14097 | Lair:3   | XOM: enchant monster (bad)
 14105 | Lair:3   | XOM: polymorph blink frog -> orb spider
 14124 | Lair:3   | XOM: 1-stop teleportation journey
 14139 | Lair:3   | HP: 5/104 [eight-headed hydra (4)]
 14139 | Lair:3   | Mangled by an eight-headed hydra

Action                   |  1- 3 |  4- 6 |  7- 9 | 10-12 | 13-15 || total
-------------------------+-------+-------+-------+-------+-------++-------
Melee: Unarmed           |   136 |   319 |   480 |   697 |   246 ||  1878
Evoke: Wand              |       |       |       |     7 |     4 ||    11
  Use: Scroll            |       |    10 |     7 |     4 |     2 ||    23
       Potion            |       |     3 |     3 |     1 |    11 ||    18
 Stab: Sleeping          |     4 |     4 |     8 |     1 |     2 ||    19
       Distracted        |       |     1 |       |     1 |       ||     2
       Invisible         |       |       |     6 |       |       ||     6
       Paralysed         |       |       |     5 |       |       ||     5
       Confused          |       |       |     1 |     2 |       ||     3
       Petrifying        |       |       |       |     1 |       ||     1
       Petrified         |       |       |       |     1 |       ||     1
  Eat: Chunk             |       |     7 |     6 |    24 |     5 ||    42
       Royal jelly       |       |     1 |       |       |       ||     1
       Pizza             |       |       |     2 |     1 |       ||     3
       Beef jerky        |       |       |     2 |     1 |       ||     3
       Bread ration      |       |       |       |       |     1 ||     1
